 Dungeon Crawl Stone Soup version 0.16.1-11-g651b585 (webtiles) character file.

11624 jacksonaction the Spear-Bearer (level 11, -14/94 HPs)
             Began as a Centaur Fighter on Mar 30, 2015.
             Was a High Priest of Okawaru.
             Hit by a large rock thrown by a cyclops (34 damage)
             ... on level 3 of the Orcish Mines.
             The game lasted 02:55:31 (20249 turns).

jacksonaction the Spear-Bearer (Centaur Fighter)   Turns: 20249, Time: 02:55:31

Health: -14/94     AC: 14    Str: 20    XL:     11   Next: 51%
Magic:  9/9        EV:  5    Int:  7    God:    Okawaru [*****.]
Gold:   1279       SH: 12    Dex: 11    Spells: 0 memorised, 10 levels left

rFire  . . .     SeeInvis .     H - +0 long sword (elec)
rCold  . . .     Clarity  +     V - +0 plate armour
rNeg   + . .     SustAb   .     c - +1 shield
rPois  .         Gourm    .     s - +0 helmet
rElec  .         Spirit   .     (no cloak)
rCorr  .         Warding  .     m - +1 pair of gloves
rMut   .         Stasis   .     (no barding)
MR     .....                    b - amulet of clarity
Stlth  ..........               F - ring of positive energy
                                W - ring of teleport control

@: about to teleport, very quick, not resistant to hostile enchantments,
extremely unstealthy
A: hooves 3, deformed body, speed 2, tough skin 3
a: Heroism, Finesse, Renounce Religion, Evoke Teleport Control


You were on level 3 of the Orcish Mines.
You worshipped Okawaru.
Okawaru was extremely pleased with you.
You were not hungry.

You visited 3 branches of the dungeon, and saw 15 of its levels.
You also visited: Sewer.

You collected 1279 gold pieces.

Inventory:

Hand weapons
 a - a +1 trident
 H - a +0 long sword of electrocution (weapon)
 R - a +0 blowgun
Missiles
 J - 26 tomahawks (quivered)
 S - 12 poisoned needles
Armour
 c - a +1 shield (worn)
 m - a +1 pair of gloves (worn)
 s - a +0 helmet (worn)
 C - a +0 cloak
 V - a +0 plate armour (worn)
Jewellery
 b - an amulet of clarity (around neck)
 g - an uncursed amulet of resist corrosion
 v - an uncursed ring of sustain abilities
 B - a +5 ring of intelligence
 D - an uncursed ring of magical power
 F - a ring of positive energy (right hand)
 W - a ring of teleport control (left hand)
 Z - an uncursed ring of ice
Magical devices
 t - a wand of frost (27)
 K - a wand of polymorph (15)
 M - a wand of teleportation (0)
Scrolls
 h - a scroll of enchant weapon
 i - a scroll of teleportation {unknown}
 o - a scroll of summoning {unknown}
 p - 2 scrolls of amnesia {unknown}
 w - a scroll of fog {unknown}
 x - 5 scrolls of remove curse
 y - a scroll of magic mapping
 A - 4 scrolls of recharging
 E - 3 scrolls of blinking {unknown}
 Q - a scroll of enchant armour
 T - 2 scrolls of immolation {unknown}
 U - a scroll of silence {unknown}
Potions
 e - a potion of might
 f - 2 potions of cure mutation {unknown}
 j - 2 potions of flight
 l - 3 potions of ambrosia
 n - a potion of experience {unknown}
 q - a potion of mutation {unknown}
 r - a potion of berserk rage {unknown}
 u - a potion of lignification {unknown}
 z - 2 potions of curing
 G - a potion of beneficial mutation {unknown}
 O - 3 potions of brilliance
 P - a potion of poison {unknown}
Comestibles
 d - a bread ration
 k - 7 meat rations


   Skills:
 - Level 8.0 Fighting
 * Level 2.8 Long Blades
 - Level 9.0 Polearms
 - Level 2.0 Throwing
 - Level 6.6 Armour
 - Level 3.3 Dodging
 - Level 7.7 Shields
 - Level 1.0 Invocations


You had 10 spell levels left.
You didn't know any spells.

Dungeon Overview and Level Annotations

Branches:
Dungeon (10/15)            Temple (1/1) D:5            Lair (0/8) D:10
    Orc (4/4) D:10            Elf (0/3) Orc:4

Altars:
Ashenzari
Cheibriados
Dithmenos
Elyvilon
Fedhas
Gozag
Kikubaaqudgha
Makhleb
Nemelex Xobeh
Okawaru
Qazlal
Ru
Sif Muna
Trog
Vehumet
Xom
Yredelemnul
Zin
The Shining One
Beogh
Lugonu

Shops:
D:4 :

Portals:
Trove: D:10 (give wand of heal wounds (8))

Annotations:
Orc:3 Maurice


Innate Abilities, Weirdness & Mutations

You have hooves in place of feet.
Armour fits poorly on your strangely shaped body.
You cover ground very quickly.
You have extremely tough skin (AC +3).


Message History

Okay, then.
Unknown command.
Quiver which item? (- for none, * to show all) (? for menu, Esc to quit)
Okay, then.
Unknown command.
Saving game... please wait.
Level annotation: Maurice Welcome back, jacksonaction the Centaur Fighter.
Okawaru says: Bring me glory in combat!
Press ? for a list of commands and other information.
Level annotation: Maurice Welcome back, jacksonaction the Centaur Fighter.
Okawaru says: Bring me glory in combat!
Press ? for a list of commands and other information.
Zapping:
M - a wand of teleportation (will waste charges)
Press: ? - help, Shift-Dir - straight line, f - you You feel strangely unstable.
Evoking this partially-identified wand wasted a few charges.
The cyclops throws a large rock.
The large rock hits you!!
You die...

##.)..# ####...#..........
.##..#### ##.###.##.......#..
.#...##.### ##...######.........
..#.##....## #....## ###........
.....##....####....####..........
......#.#...###.....##.)[........
............#..(.................
.........#.......................
.....)..##..#.C.@[(....).........
....)...#.....[.[#............#..
....#..#......)##................
........#..)#####................
............## ##...............
......(..(...# ##.....##.......
............##### ##)..####.#.#..
.......(......#.## ##...# #######
......))[........# #...##


You could see a cyclops.

Vanquished Creatures
  3 trolls (D:10)
  Prince Ribbit (D:7)
  3 deep elf magi
  2 hungry ghosts
  A wraith (D:10)
  A hippogriff (D:8)
  Eustachio (D:4)
  9 deep elf fighters
  2 wargs
  Edmund (D:6)
  4 wolves (D:10)
  A water moccasin (D:9)
  2 ice beasts
  A phantom (D:9)
  3 sky beasts
  6 centaurs
  14 orc warriors
  13 ogres
  Duvessa (Orc:1)
  4 big kobolds
  4 giant frogs
  6 scorpions
  6 killer bees
  A water moccasin skeleton (D:5)
  8 wights
  5 electric eels (D:10)
  A giant frog zombie (D:10)
  Dowan (Orc:1)
  A centaur zombie (D:9)
  2 goliath beetles
  6 hounds
  A centaur skeleton (D:5)
  6 crimson imps
  Crazy Yiuf (D:3)
  A giant frog skeleton (D:10)
  10 orc priests
  A jelly (D:9)
  26 orc wizards
  7 worker ants
  2 iguanas
  2 killer bee zombies
  Ijyb (D:2)
  Jessica (D:2)
  A hound zombie (D:8)
  A mummy (D:10)
  A worker ant zombie (D:5)
  Robin (D:2)
  10 adders
  2 river rats
  4 shadow imps
  2 giant mites
  2 worms
  An iguana zombie (D:7)
  An adder skeleton (D:6)
  An adder zombie (D:9)
  9 giant geckos
  An ooze (D:2)
  111 orcs
  19 bats
  A bat zombie (D:6)
  6 giant cockroaches
  17 hobgoblins
  11 jackals
  27 kobolds
  8 quokkas
  A ball python (D:3)
  5 giant newts
  29 goblins
  14 rats
459 creatures vanquished.

Vanquished Creatures (others)
  A deep elf fighter (Orc:3)
  2 jackals (D:3)
3 creatures vanquished.

Grand Total: 462 creatures vanquished

Notes
Turn   | Place    | Note
--------------------------------------------------------------
     0 | D:1      | jacksonaction, the Centaur Fighter, began the quest for the Orb.
     0 | D:1      | Reached XP level 1. HP: 19/19 MP: 1/1
   406 | D:1      | Reached XP level 2. HP: 26/26 MP: 2/2
   972 | D:2      | Noticed Robin
   984 | D:2      | Noticed Jessica
   992 | D:2      | Reached XP level 3. HP: 29/31 MP: 3/3
  1032 | D:2      | Killed Robin
  1098 | D:2      | Killed Jessica
  1367 | D:2      | Reached XP level 4. HP: 38/38 MP: 3/3
  1536 | D:2      | Noticed Ijyb
  1554 | D:2      | Killed Ijyb
  1554 | D:2      | Reached skill level 4 in Polearms
  1947 | D:2      | Found a basalt altar of Yredelemnul.
  2362 | D:2      | Reached XP level 5. HP: 28/45 MP: 4/4
  2801 | D:3      | Found a deep blue altar of Sif Muna.
  2807 | D:3      | Found a shattered altar of Ashenzari.
  2807 | D:3      | Found a sacrificial altar of Ru.
  2807 | D:3      | Found a shadowy altar of Dithmenos.
  2816 | D:3      | Found a snail-covered altar of Cheibriados.
  2819 | D:3      | Found a stormy altar of Qazlal.
  2821 | D:3      | Found an iron altar of Okawaru.
  2827 | D:3      | Became a worshipper of Warmaster Okawaru
  3198 | D:3      | Noticed Crazy Yiuf
  4059 | D:3      | Found a roughly hewn altar of Beogh.
  4066 | D:3      | Reached XP level 6. HP: 41/51 MP: 5/5
  4145 | D:3      | Killed Crazy Yiuf
  4532 | D:4      | Acquired Okawaru's first power
  4532 | D:4      | Reached skill level 5 in Polearms
  4553 | D:4      | Found Curoghoi's Book Shoppe.
  4796 | D:4      | Reached XP level 7. HP: 29/57 MP: 5/5
  4833 | D:4      | Found a glowing drain.
  4849 | Sewer    | Entered a sewer
  5106 | Sewer    | Found a glowing silver altar of Zin.
  5263 | D:4      | Noticed Eustachio
  5355 | D:4      | Killed Eustachio
  5855 | D:4      | Found a white marble altar of Elyvilon.
  6203 | D:4      | Reached XP level 8. HP: 39/63 MP: 6/6
  6356 | D:5      | Entered Level 5 of the Dungeon
  6614 | D:5      | Found a staircase to the Ecumenical Temple.
  6626 | Temple   | Entered the Ecumenical Temple
  6747 | D:5      | Reached skill level 6 in Polearms
  6793 | D:5      | Reached skill level 5 in Armour
  7265 | D:5      | Reached skill level 5 in Shields
  7302 | D:6      | Noticed Edmund
  7319 | D:6      | Killed Edmund
  8067 | D:6      | Reached skill level 1 in Throwing
  8476 | D:6      | Reached XP level 9. HP: 72/72 MP: 7/7
  8893 | D:6      | Found an ancient bone altar of Kikubaaqudgha.
  8958 | D:7      | Found an iron altar of Okawaru.
  9001 | D:6      | Reached skill level 1 in Invocations
  9103 | D:7      | Reached skill level 5 in Fighting
  9103 | D:7      | Reached skill level 7 in Polearms
  9228 | D:7      | Reached skill level 1 in Dodging
  9566 | D:7      | Noticed Prince Ribbit
  9583 | D:7      | Killed Prince Ribbit
 10827 | D:8      | Reached XP level 10. HP: 81/81 MP: 8/8
 11779 | D:7      | Found an ancient bone altar of Kikubaaqudgha.
 11804 | D:7      | Found a sparkling altar of Nemelex Xobeh.
 12534 | D:9      | Reached skill level 8 in Polearms
 12767 | D:10     | Entered Level 10 of the Dungeon
 12788 | D:10     | Found an opulent altar of Gozag.
 13216 | D:10     | Found a staircase to the Orcish Mines.
 13634 | D:10     | Reached skill level 9 in Polearms
 13734 | D:10     | HP: 4/86 [wolf (7)]
 14150 | D:10     | Found a portal to a secret trove of treasure.
 14589 | D:10     | Found a staircase to the Lair.
 15473 | Orc:1    | Entered Level 1 of the Orcish Mines
 15505 | D:10     | Reached XP level 11. HP: 70/94 MP: 9/9
 15961 | Orc:1    | Found a shimmering altar of Xom.
 16031 | Orc:1    | Found a flagged portal.
 16237 | Orc:1    | Noticed Duvessa
 16238 | Orc:1    | Noticed Dowan
 16261 | Orc:1    | Killed Duvessa
 16267 | Orc:1    | Killed Dowan
 16492 | Orc:2    | Acquired Okawaru's second power
 18802 | Orc:3    | You fall through a shaft!
 18802 | Orc:4    | Entered Level 4 of the Orcish Mines
 18802 | Orc:4    | Found a staircase to the Elven Halls.
 18892 | Orc:3    | Reached skill level 1 in Long Blades
 19866 | Orc:3    | Noticed Maurice
 20249 | Orc:3    | Upgraded the game from 0.16.1-7-g2c6721e to 0.16.1-11-g651b585
 20249 | Orc:3    | Hit by a large rock thrown by a cyclops

Action                   |  1- 3 |  4- 6 |  7- 9 | 10-12 || total
-------------------------+-------+-------+-------+-------++-------
Melee: Trident           |   118 |   344 |   712 |  1002 ||  2176
       Long sword        |       |       |       |   151 ||   151
Throw: Tomahawk          |       |       |    46 |    77 ||   123
Invok: Heroism           |       |     1 |    14 |    11 ||    26
Evoke: Wand              |     1 |     2 |       |     1 ||     4
  Use: Scroll            |       |       |    12 |     2 ||    14
       Potion            |       |       |     3 |     4 ||     7
  Eat: Chunk             |     1 |     7 |     7 |    15 ||    30
       Bread ration      |       |     1 |     1 |     2 ||     4
       Royal jelly       |       |       |     2 |       ||     2
       Fruit             |       |       |     2 |       ||     2
       Beef jerky        |       |       |       |     3 ||     3
